NCAA
DUKE BLUE DEVILS @ NORTH CAROLINA TAR HEELS
04/29/2024
 
TOP OF THE 1ST
Duke Blue Devils batting - Pitching for North Carolina Tar Heels : RHP Spencer Farley
Pitching: RHP Spencer Farley
Batting: SHB Luis Zamora 0-0: Ball
1-0: Foul Ball, location: 2F
1-1: SINGLE (Flyball, 5D)
Batting: LHB Vicente Chávez 0-0: Called Strike
0-1: Ball
1-1: Foul Ball, location: 2F
1-2: Ball
2-2: Ball
3-2: Strikes out swinging
Throwing error on steal attempt, E2
Luis Zamora to third
Batting: RHB Mike Ingram 0-0: Ball
1-0: Fly out, F6 (Popup, 6M)
Batting: LHB Will Hill 0-0: Ball
1-0: Foul Ball, location: 2F
1-1: 2-RUN HOME RUN (Flyball, 9D), Distance : 357 ft
Batting: LHB Ramón Salazar 0-0: Called Strike
0-1: Foul Ball, location: 2F
0-2: Ball
1-2: Strikes out looking
Top of the 1st over - 2 run(s), 2 hit(s), 1 error(s), 0 left on base; Duke 2 - North Carolina 0
BOTTOM OF THE 1ST
North Carolina Tar Heels batting - Pitching for Duke Blue Devils : RHP Juan Moreno
Pitching: RHP Juan Moreno
Batting: RHB Miguel Mendoza 0-0: Ball
1-0: Foul Ball, location: 2F
1-1: Swinging Strike
1-2: Ball
2-2: Fly out, F3 (Popup, 13)
Batting: SHB Richard Griffin 0-0: SOLO HOME RUN (Flyball, 9LD), Distance : 315 ft
Batting: LHB Vaughn Carter 0-0: Called Strike
0-1: Foul Ball, location: 2F
0-2: Ball
1-2: Ground out U3 (Groundball, 3S)
Batting: RHB Mike Shelton 0-0: Ball
1-0: Called Strike
1-1: Foul Ball, location: 2F
1-2: Ball
2-2: Strikes out swinging
Bottom of the 1st over - 1 run(s), 1 hit(s), 0 error(s), 0 left on base; Duke 2 - North Carolina 1
TOP OF THE 2ND
Duke Blue Devils batting - Pitching for North Carolina Tar Heels : RHP Spencer Farley
Batting: RHB Mitchell Johnston 0-0: Ball
1-0: Fly out, F8 (Flyball, 78M)
Batting: RHB Matt Osborne 0-0: Ball
1-0: Called Strike
1-1: SINGLE (Groundball, 34D)
Batting: SHB Randy Rodríguez 0-0: Ball
1-0: Fly out, F8 (Flyball, 8RM)
Batting: RHB Jake Belcher 0-0: Called Strike
0-1: Ball
1-1: Foul Ball, location: 2F
1-2: Ball
2-2: Strikes out swinging
Top of the 2nd over - 0 run(s), 1 hit(s), 0 error(s), 1 left on base; Duke 2 - North Carolina 1
BOTTOM OF THE 2ND
North Carolina Tar Heels batting - Pitching for Duke Blue Devils : RHP Juan Moreno
Batting: LHB José Morales 0-0: Ball
1-0: Swinging Strike
1-1: Called Strike
1-2: Foul Ball, location: 2F
1-2: Ball
2-2: Foul Ball, location: 2F
2-2: Foul Ball, location: 2F
2-2: Strikes out swinging
Batting: LHB Matt McCray 0-0: Called Strike
0-1: Called Strike
0-2: Ball
1-2: Strikes out swinging
Batting: RHB Derek Scott 0-0: Called Strike
0-1: Ball
1-1: Called Strike
1-2: Foul Ball, location: 2F
1-2: Foul Ball, location: 2F
1-2: Ground out 2-3 (Groundball, 23)
Bottom of the 2nd over - 0 run(s), 0 hit(s), 0 error(s), 0 left on base; Duke 2 - North Carolina 1
TOP OF THE 3RD
Duke Blue Devils batting - Pitching for North Carolina Tar Heels : RHP Spencer Farley
Batting: SHB Luis Zamora 0-0: Called Strike
0-1: Fly out, F6 (Popup, 56D)
Batting: LHB Vicente Chávez 0-0: Fly out, F7 (Flyball, 7M)
Batting: RHB Mike Ingram 0-0: Ball
1-0: Ball
2-0: Called Strike
2-1: SINGLE (Flyball, 89S)
Batting: LHB Will Hill 0-0: Ball
1-0: Foul Ball, location: 2F
1-1: Ball
2-1: Foul Ball, location: 2F
2-2: 2-RUN HOME RUN (Flyball, 89XD), Distance : 363 ft
Batting: LHB Ramón Salazar 0-0: Ball
1-0: Ball
2-0: Ball
3-0: Called Strike
3-1: Called Strike
3-2: Foul Ball, location: 2F
3-2: Strikes out swinging
Top of the 3rd over - 2 run(s), 2 hit(s), 0 error(s), 0 left on base; Duke 4 - North Carolina 1
BOTTOM OF THE 3RD
North Carolina Tar Heels batting - Pitching for Duke Blue Devils : RHP Juan Moreno
Batting: RHB Jeff Townsley 0-0: Ball
1-0: Ball
2-0: Ball
3-0: Called Strike
3-1: Base on Balls
Batting: RHB Preston Wooten 0-0: Ball
1-0: Sac Bunt - play at first, batter OUT! 5-3
Jeff Townsley to second
Batting: RHB Miguel Mendoza 0-0: SINGLE (Flyball, 89S)
Jeff Townsley to third
Runner from 3rd tries for Home, SAFE, no throw or cutoff
Batting: SHB Richard Griffin 0-0: Ball
1-0: Ball
2-0: Ball
3-0: Called Strike
3-1: Swinging Strike
3-2: Strikes out swinging
Miguel Mendoza is caught stealing 2nd base
Batter strikes out.
Bottom of the 3rd over - 1 run(s), 1 hit(s), 0 error(s), 0 left on base; Duke 4 - North Carolina 2
TOP OF THE 4TH
Duke Blue Devils batting - Pitching for North Carolina Tar Heels : RHP Spencer Farley
Batting: RHB Mitchell Johnston 0-0: Ball
1-0: Called Strike
1-1: SINGLE (Groundball, 56D)
Batting: RHB Matt Osborne 0-0: Ball
1-0: Called Strike
1-1: Swinging Strike
1-2: Strikes out swinging
Batting: SHB Randy Rodríguez 0-0: Called Strike
0-1: Ball
1-1: Called Strike
1-2: Strikes out swinging
Batting: RHB Jake Belcher 0-0: Called Strike
0-1: Foul Ball, location: 2F
0-2: Strikes out swinging
Top of the 4th over - 0 run(s), 1 hit(s), 0 error(s), 1 left on base; Duke 4 - North Carolina 2
BOTTOM OF THE 4TH
North Carolina Tar Heels batting - Pitching for Duke Blue Devils : RHP Juan Moreno
Batting: LHB Vaughn Carter 0-0: Called Strike
0-1: Ball
1-1: Foul Ball, location: 2F
1-2: Fly out, F8 (Line Drive, 8LM)
Batting: RHB Mike Shelton 0-0: Called Strike
0-1: Foul Ball, location: 2F
0-2: Strikes out swinging
Batting: LHB José Morales 0-0: Called Strike
0-1: Fly out, F7 (Flyball, 78S)
Bottom of the 4th over - 0 run(s), 0 hit(s), 0 error(s), 0 left on base; Duke 4 - North Carolina 2
TOP OF THE 5TH
Duke Blue Devils batting - Pitching for North Carolina Tar Heels : RHP Spencer Farley
Batting: SHB Luis Zamora 0-0: Called Strike
0-1: Swinging Strike
0-2: Ball
1-2: Ball
2-2: Foul Ball, location: 2F
2-2: Strikes out swinging
Batting: LHB Vicente Chávez 0-0: Ball
1-0: Ball
2-0: Ball
3-0: Base on Balls
Batting: RHB Mike Ingram 0-0: Called Strike
0-1: Ball
1-1: Swinging Strike
1-2: Hit by Pitch
Vicente Chávez to second
Batting: LHB Will Hill 0-0: Ball
1-0: Called Strike
1-1: Fly out, F7 (Line Drive, 7M)
Pitching: LHP Chris McDonald
Batting: LHB Ramón Salazar 0-0: Called Strike
0-1: Fly out, F7 (Flyball, 7M)
Top of the 5th over - 0 run(s), 0 hit(s), 0 error(s), 2 left on base; Duke 4 - North Carolina 2
BOTTOM OF THE 5TH
North Carolina Tar Heels batting - Pitching for Duke Blue Devils : RHP Juan Moreno
Batting: LHB Matt McCray 0-0: Ball
1-0: Ball
2-0: Called Strike
2-1: Foul Ball, location: 2F
2-2: Fly out, F9 (Flyball, 89M)
Batting: RHB Derek Scott 0-0: Ball
1-0: Ball
2-0: Swinging Strike
2-1: Ball
3-1: Foul Ball, location: 2F
3-2: Base on Balls
Batting: RHB Jeff Townsley 0-0: Ball
1-0: Called Strike
Derek Scott steals 2nd base
1-1: Foul Ball, location: 2F
1-2: Strikes out swinging
Batting: RHB Preston Wooten 0-0: Ball
1-0: Ground out 5-3 (Groundball, 5)
Bottom of the 5th over - 0 run(s), 0 hit(s), 0 error(s), 1 left on base; Duke 4 - North Carolina 2
TOP OF THE 6TH
Duke Blue Devils batting - Pitching for North Carolina Tar Heels : LHP Chris McDonald
Batting: RHB Mitchell Johnston 0-0: Fly out, F8 (Flyball, 89M)
Batting: RHB Matt Osborne 0-0: Foul Ball, location: 2F
0-1: Fly out, F4 (Line Drive, 4M)
Batting: SHB Randy Rodríguez 0-0: Called Strike
0-1: Swinging Strike
0-2: Ball
1-2: Ball
2-2: SINGLE (Groundball, 56)
Batting: RHB Jake Belcher 0-0: Called Strike
0-1: Ball
1-1: Foul Ball, location: 2F
1-2: Foul Ball, location: 2F
1-2: Strikes out swinging
Top of the 6th over - 0 run(s), 1 hit(s), 0 error(s), 1 left on base; Duke 4 - North Carolina 2
BOTTOM OF THE 6TH
North Carolina Tar Heels batting - Pitching for Duke Blue Devils : RHP Juan Moreno
Batting: RHB Miguel Mendoza 0-0: SINGLE (Flyball, 4MD)
Batting: SHB Richard Griffin 0-0: Called Strike
0-1: Ball
1-1: Ball
2-1: Called Strike
2-2: Foul Ball, location: 2F
2-2: Ball
3-2: Foul Ball, location: 2F
3-2: Base on Balls
Miguel Mendoza to second
Pitching: RHP Jack Lockington
Batting: LHB Vaughn Carter 0-0: Called Strike
0-1: Swinging Strike
0-2: Foul Ball, location: 2F
0-2: Ball
1-2: Strikes out swinging
Batting: RHB Mike Shelton 0-0: Foul Ball, location: 2F
0-1: SINGLE (Line Drive, 6M)
Miguel Mendoza to third
Richard Griffin to second
Runner from 3rd tries for Home, SAFE, no throw or cutoff
Batting: LHB José Morales 0-0: Ball
1-0: Ball
2-0: Ball
3-0: Called Strike
3-1: SINGLE (Groundball, 3D)
Richard Griffin to third
Mike Shelton to second
Batting: LHB Matt McCray 0-0: Foul Ball, location: 2F
0-1: Swinging Strike
0-2: Strikes out swinging
Batting: RHB Derek Scott 0-0: Fly out, F8 (Flyball, 8RS)
Bottom of the 6th over - 1 run(s), 3 hit(s), 0 error(s), 3 left on base; Duke 4 - North Carolina 3
TOP OF THE 7TH
Duke Blue Devils batting - Pitching for North Carolina Tar Heels : LHP Chris McDonald
Batting: SHB Luis Zamora 0-0: Foul Ball, location: 2F
0-1: Foul Ball, location: 2F
0-2: Strikes out swinging
Batting: LHB Vicente Chávez 0-0: Ball
1-0: Fly out, F8 (Flyball, 78XD)
Batting: RHB Mike Ingram 0-0: Ball
1-0: Ball
2-0: Swinging Strike
2-1: Ball
3-1: Foul Ball, location: 2F
3-2: Base on Balls
Batting: LHB Will Hill 0-0: Ball
Mike Ingram steals 2nd base
1-0: Called Strike
1-1: Ball
2-1: Foul Ball, location: 2F
2-2: Ball
3-2: Foul Ball, location: 2F
3-2: SINGLE (Groundball, 6MD) (infield hit)
Mike Ingram to third
Pitching: RHP Robert Vincent
Batting: LHB Ramón Salazar 0-0: Called Strike
0-1: Foul Ball, location: 2F
0-2: Foul Ball, location: 2F
0-2: Foul Ball, location: 2F
0-2: Ground out 4-3 (Groundball, 4)
Top of the 7th over - 0 run(s), 1 hit(s), 0 error(s), 2 left on base; Duke 4 - North Carolina 3
BOTTOM OF THE 7TH
North Carolina Tar Heels batting - Pitching for Duke Blue Devils : RHP Jack Lockington
Batting: RHB Jeff Townsley 0-0: Called Strike
0-1: Fly out, F3 (Popup, 23F)
Batting: RHB Preston Wooten 0-0: Swinging Strike
0-1: SINGLE (Line Drive, 5D)
Batting: RHB Miguel Mendoza 0-0: Ball
1-0: Ball
2-0: Foul Ball, location: 2F
2-1: Foul Ball, location: 2F
2-2: Strikes out looking
Batting: SHB Richard Griffin 0-0: Ball
1-0: Ball
2-0: Ball
3-0: Called Strike
3-1: Called Strike
3-2: Foul Ball, location: 2F
3-2: Ground out U3 (Groundball, 3L)
Bottom of the 7th over - 0 run(s), 1 hit(s), 0 error(s), 1 left on base; Duke 4 - North Carolina 3
TOP OF THE 8TH
Duke Blue Devils batting - Pitching for North Carolina Tar Heels : RHP Robert Vincent
Batting: RHB Mitchell Johnston 0-0: Ball
1-0: Foul Ball, location: 2F
1-1: SINGLE (Groundball, 56S) (infield hit)
Batting: RHB Matt Osborne 0-0: SINGLE (Groundball, 56D)
Mitchell Johnston to second
Batting: SHB Randy Rodríguez 0-0: Bunted foul
0-1: Ball
1-1: Bunt missed!
1-2: Ball
2-2: Ball
3-2: Base on Balls
Mitchell Johnston to third
Matt Osborne to second
Batting: RHB Jake Belcher 0-0: Grounds into fielders choice 6-2 (Groundball, 56)
Matt Osborne to third
Randy Rodríguez to second
Batting: SHB Luis Zamora 0-0: Swinging Strike
0-1: Foul Ball, location: 2F
0-2: Ball
1-2: Ball
2-2: Foul Ball, location: 2F
2-2: Ball
3-2: Strikes out looking
Batting: LHB Vicente Chávez 0-0: Called Strike
0-1: Ball
1-1: Foul Ball, location: 2F
1-2: Strikes out swinging
Top of the 8th over - 0 run(s), 2 hit(s), 0 error(s), 3 left on base; Duke 4 - North Carolina 3
BOTTOM OF THE 8TH
North Carolina Tar Heels batting - Pitching for Duke Blue Devils : RHP Jack Lockington
Pitching: LHP Woodrow Mitchell
Batting: LHB Vaughn Carter 0-0: Swinging Strike
0-1: Ball
1-1: Ball
2-1: Foul Ball, location: 2F
2-2: Foul Ball, location: 2F
2-2: Foul Ball, location: 2F
2-2: Ball
3-2: Strikes out swinging
Pitching: RHP Ramón Rodríguez
Batting: RHB Mike Shelton 0-0: Ball
1-0: Ground out 4-3 (Groundball, 4M)
Batting: LHB José Morales 0-0: Called Strike
0-1: Ball
1-1: SINGLE (Groundball, 34D)
Batting: LHB Matt McCray 0-0: Called Strike
0-1: Ball
1-1: Ball
2-1: Ball
3-1: Base on Balls
José Morales to second
Pinch Runner at 2nd Frederick Curtis:
Pinch Hitting: LHB Ronald Gordon 0-0: Ball
1-0: Fly out, F9 (Flyball, 89M)
Bottom of the 8th over - 0 run(s), 1 hit(s), 0 error(s), 2 left on base; Duke 4 - North Carolina 3
TOP OF THE 9TH
Duke Blue Devils batting - Pitching for North Carolina Tar Heels : RHP Robert Vincent
Now at SS: Fred Hubbard
Batting: RHB Mike Ingram 0-0: Ball
1-0: Ball
2-0: Ball
3-0: Called Strike
3-1: Swinging Strike
3-2: Foul Ball, location: 2F
3-2: Strikes out swinging
Batting: LHB Will Hill 0-0: Ball
1-0: Foul Ball, location: 2F
1-1: Foul Ball, location: 2F
1-2: Ball
2-2: SOLO HOME RUN (Flyball, 9D), Distance : 361 ft
Batting: LHB Ramón Salazar 0-0: Ball
1-0: Called Strike
1-1: Fly out, F8 (Flyball, 8RM)
Batting: RHB Mitchell Johnston 0-0: Ball
1-0: Ground out 5-3 (Groundball, 56)
Top of the 9th over - 1 run(s), 1 hit(s), 0 error(s), 0 left on base; Duke 5 - North Carolina 3
BOTTOM OF THE 9TH
North Carolina Tar Heels batting - Pitching for Duke Blue Devils : RHP Ramón Rodríguez
Pitching: RHP Mark Owens
Batting: RHB Jeff Townsley 0-0: Ball
1-0: Foul Ball, location: 2F
1-1: Ball
2-1: SINGLE (Line Drive, 7LM)
Batting: RHB Preston Wooten 0-0: Swinging Strike
0-1: Ball
1-1: SINGLE (Groundball, 56)
Jeff Townsley to second
Batting: RHB Miguel Mendoza 0-0: Called Strike
0-1: Sac Bunt - play at first, batter OUT! 1-4
Jeff Townsley to third
Preston Wooten to second
Batting: SHB Richard Griffin 0-0: Ball
1-0: Ball
2-0: Ball
3-0: Called Strike
3-1: SINGLE (Groundball, 34D)
Jeff Townsley scores
Preston Wooten to third
Runner from 3rd tries for Home, SAFE, no throw or cutoff
Batting: LHB Vaughn Carter 0-0: Ball
1-0: Swinging Strike
1-1: Foul Ball, location: 2F
1-2: Ball
2-2: Fielders Choice at 2nd, 3-6 (Groundball, 3)
Batting: RHB Mike Shelton 0-0: Ball
1-0: Ball
2-0: Called Strike
2-1: Swinging Strike
2-2: Ball
3-2: Foul Ball, location: 2F
3-2: Fly out, F8 (Flyball, 8LM)
Bottom of the 9th over - 2 run(s), 3 hit(s), 0 error(s), 1 left on base; Duke 5 - North Carolina 5
TOP OF THE 10TH
Duke Blue Devils batting - Pitching for North Carolina Tar Heels : RHP Robert Vincent
Pitching: RHP Mark O'Connor
Batting: RHB Matt Osborne 0-0: Called Strike
0-1: SINGLE (Groundball, 6MD)
Batting: SHB Randy Rodríguez
Pinch Hitting: RHB Wayne Ressler 0-0: Bunted foul
0-1: Sac Bunt - play at first, batter OUT! 1-4
Matt Osborne to second
Pinch Hitting: RHB Albert Reaveley 0-0: Called Strike
0-1: Called Strike
0-2: SINGLE (Groundball, 4M)
Matt Osborne to third
Runner from 3rd tries for Home, SAFE, no throw or cutoff
Batting: SHB Luis Zamora 0-0: Foul Ball, location: 2F
0-1: Ball
1-1: Ground out U3 (Groundball, 3)
Albert Reaveley to second
Batting: LHB Vicente Chávez 0-0: Called Strike
0-1: Ball
1-1: Ball
2-1: Ball
3-1: Called Strike
3-2: Base on Balls
Batting: RHB Mike Ingram 0-0: Ball
1-0: Ball
2-0: DOUBLE (Flyball, 78M)
Albert Reaveley scores
Vicente Chávez to third
Batting: LHB Will Hill 0-0: Ball
1-0: Called Strike
1-1: Foul Ball, location: 2F
1-2: Foul Ball, location: 2F
1-2: Ball
2-2: Ball
3-2: Base on Balls
Batting: LHB Ramón Salazar 0-0: Ball
1-0: Called Strike
1-1: Foul Ball, location: 2F
1-2: Ball
2-2: Foul Ball, location: 2F
2-2: Ball
3-2: Strikes out swinging
Top of the 10th over - 2 run(s), 3 hit(s), 0 error(s), 3 left on base; Duke 7 - North Carolina 5
BOTTOM OF THE 10TH
North Carolina Tar Heels batting - Pitching for Duke Blue Devils : RHP Mark Owens
Now at 2B: Albert Reaveley
Batting: RHB Frederick Curtis 0-0: Called Strike
0-1: Swinging Strike
0-2: Ground out 6-3 (Groundball, 6)
Batting: LHB Matt McCray 0-0: Ball
1-0: Ball
2-0: Called Strike
2-1: Ball
3-1: Called Strike
3-2: Base on Balls
Batting: RHB Fred Hubbard 0-0: Ball
1-0: Ball
2-0: Called Strike
2-1: Ball
3-1: Fielders Choice at 2nd, 3-6 (Groundball, 3)
Batting: RHB Jeff Townsley 0-0: Ball
1-0: Swinging Strike
1-1: Ball
2-1: Swinging Strike
Passed Ball!
Fred Hubbard to second
2-2: Ground out 2-3 (Groundball, 25)
Bottom of the 10th over - 0 run(s), 0 hit(s), 0 error(s), 1 left on base; Duke 7 - North Carolina 5
This league is powered by Out of the Park Baseball, the baseball management simulation game for PC, Mac and Linux
Saturday, April 9th, 2016 - OOTP Baseball 16.8 Build 38